[Event "*** Titled Tuesday Blitz"]
[Site "Chess.com"]
[Date "2021.04.20"]
[Round "6"]
[White "AsaHoffmann"]
[Black "muchojogo"]
[Result "1/2-1/2"]
[WhiteElo "2355"]
[BlackElo "2463"]
[TimeControl "180+1"]
[EndTime "11:07:26 PDT"]
[Termination "Game drawn by 50-move rule"]

1. d4 Nf6 2. Bg5 c5 3. d5 Qb6 4.
Nc3 Qxb2 5. Bd2 Qb6 6. e4 d6 7. f4 e6 8. Nf3 exd5 9. e5 dxe5 10. fxe5 Qe6 11. Bb5+ Nfd7 12. Bf4 d4 13. Ne4 a6 14. Bxd7+ Bxd7 15. O-O h6 16. Nd6+ Bxd6 17. exd6 O-O 18. Qd2 Nc6 19. Rae1 Qg6 20. Ne5 Nxe5 21. Rxe5 Qxd6 22.
c3 Bc6 23. cxd4 Qxd4+ 24. Qxd4 cxd4 25. Rd1 Rfe8 26. Rxe8+ Rxe8 27. Rxd4 Re2 28. Rd2 Re4 29.
Bd6 g5 30. g3 Kg7 31. Kf2 Kg6 32. a3 h5 33. Bc5 h4 34. Be3 h3 35. Rd8 f6 36. Bd4 Re6 37. g4 Bg2 38. Rd7 Bc6 39. Rd8 Re4 40. Kg3 Re2 41. Kxh3 Re6 42.
Kg3 Kf7 43. h4 gxh4+ 44. Kxh4 Ke7 45. Rh8 Re4 46. Rh7+ Ke6 47. Bb6 Bd7 48. Rh6 Ke7 49. Bc5+ Kf7 50. Rh7+ Ke8 51. Rg7 f5 52. Kg3 Rxg4+ 53.
Rxg4 fxg4 54. a4 Kf7 55. a5 Ke6 56. Bb6 Kd5 57. Bd8 Kc6 58. Bb6 Kb5 59. Bd8 Kc6 60.
Bb6 Kd5 61. Bd8 Bf5 62. Bb6 Kc4 63. Bd8 Kb5 64. Bb6 Bc8 65. Bd8 Kc6 66. Bb6 Kd7 67.
Bd4 Kd6 68. Bb6 Ke7 69. Bc7 Kf7 70. Bb6 Ke6 71. Bc7 Kd5 72. Bb6 Ke4 73. Bc7 Ke3 74.
Bb6+ Ke2 75. Bc7 Kd1 76. Bb6 Kc2 77. Bc7 Kb3 78. Bb6 Kb4 79. Bc7 Kb5 80. Bb6 Kc6 81. Bd8 Kd7 82. Bb6 Ke8 83. Bc7 Be6 84. Bb6 Kd7 85.
Kf4 Kc6 86. Kg3 Kd6 87. Bd8 Kc5 88. Bc7 Kd4 89. Bb6+ Kd5 90. Bd8 Ke4 91. Bb6 Kd3 92.
Bd8 Ke2 93. Bb6 Kf1 94. Bd8 Bf5 95. Bc7 Bd7 96. Bd8 Ke2 97. Bc7 Kd3 98. Bd8 Kc3 99. Bc7 Kd4 100. Bd8 Kd5 101. Bc7 Ke6 102. Bd8 Kf7 103. Bc7 Ke8 104. Bb6 Kf7 105. Bc7 1/2-1/2

[Event "*** Titled Tuesday Blitz"]
[Site "Chess.com"]
[Date "2021.04.20"]
[Round "6"]
[White "Nf3c5"]
[Black "A-S-00"]
[Result "1-0"]
[WhiteElo "2619"]
[BlackElo "2330"]
[TimeControl "180+1"]
[EndTime "11:07:26 PDT"]
[Termination "Nf3c5 won by checkmate"]

1. d4 Nf6 2. Bf4 g6 3. Nc3 Bg7 4. e4 d6 5. Qd2 O-O 6. O-O-O Nbd7 7.
Nf3 c5 8. d5 h5 9. Bh6 a6 10. Bxg7 Kxg7 11. Qf4 b5 12. e5 dxe5 13. Nxe5 Nxe5 14. Qxe5 Qd6 15. f4 Qxe5 16. fxe5 Ng4 17.
Re1 Bb7 18. h3 Nh6 19. Bd3 b4 20. Ne4 Bxd5 21. Nxc5 Bxg2 22. Rh2 Bd5 23. Nxa6 Rfc8 24. b3 Be6 25. Nxb4 Nf5 26. Bxf5 Bxf5 27. Kb2 Rab8 28. a3 Rb7 29. c4 g5 30. h4 g4 31. Rf2 e6 32. Re3 Rd7 33. a4 Rcd8 34.
Ree2 Rd1 35. a5 Rb1+ 36. Ka3 Rdd1 37. a6 Rd8 38. Ka4 Ra1+ 39. Ra2 Rxa2+ 40. Rxa2 Be4 41. Kb5 g3 42. Kc5 g2 43. Ra1 Rb8 44. Rg1 Kg6 45. a7 Ra8 46. Kb6 Kf5 47. c5 Kf4 48. c6 Kf3 49. Na6 Kf2 50. Ra1 g1=Q 51. Rxg1 Kxg1 52.
Nb8 Kg2 53. Kb7 Rxa7+ 54. Kxa7 Bxc6 55. Nxc6 Kg3 56. b4 Kxh4 57. b5 Kg3 58. b6 h4 59.
b7 h3 60. b8=Q h2 61. Qb3+ Kg2 62. Qc2+ Kg1 63. Qd1+ Kg2 64. Qe2+ Kg1 65. Qg4+ Kf2 66.
Qh3 Kg1 67. Qg3+ Kh1 68. Nd4 f5 69. Nf3 f4 70. Qxh2# 1-0

[Event "*** Titled Tuesday Blitz"]
[Site "Chess.com"]
[Date "2021.04.20"]
[Round "6"]
[White "PavelShkapenko"]
[Black "sergeikim"]
[Result "1-0"]
[WhiteElo "2708"]
[BlackElo "2528"]
[TimeControl "180+1"]
[EndTime "11:07:27 PDT"]
[Termination "PavelShkapenko won by resignation"]

1. e4 e5 2. Nf3 Nc6 3. Bc4 Bc5 4. c3 Nf6 5. d4 exd4 6. b4 Bb6 7. e5 d5 8. exf6 dxc4 9. Qe2+ Be6 10. b5 d3 11.
Qe4 Na5 12. fxg7 Rg8 13. Qxh7 Kd7 14. Ne5+ Kd6 15. Bf4 Qf6 16. Nxf7+ Kd7 17. Ne5+ Ke7 18. Qh6 Rxg7 19. Qxf6+ Kxf6 20. O-O Rag8 21. g3 c6 22. bxc6 Nxc6 23. Nxc6 bxc6 24. Nd2 Bd5 25. Rfe1 Re7 26.
Rxe7 Kxe7 27. Re1+ Kf6 28. h4 Kg6 29. Re5 Kf7 30.
Ne4 Bxe4 31. Rxe4 Rd8 32. Bd2 Rd5 33. Rxc4 Re5 34. Rf4+ Kg6 35. Rf3 Re2 36. Rxd3 Rxf2 37. Kh1 Kh5 38. Bf4 Kg4 39. Rd2 Rf3 40. Kg2 Rxc3 41.
Re2 Ra3 42. Bd6 Ra4 43. Rb2 c5 44. Rc2 c4 45. a3 Bd4 46. Bb4 c3 47. Bxc3 Bc5 48.
Bb2 Bd6 49. Bc1 Bxg3 50. h5 Bf4 51. Bxf4 Rxf4 52. h6 Rf6 53. Rc4+ Kg5 54. h7 Rh6 55. Rc7 a5 56. Ra7 Kf4 57. Kf2 Ke4 58. Ke2 Kd4 59. Kd2 Kc4 60. Kc2 Kb5 61. Kb3 Rh3+ 62. Kb2 Rh2+ 63. Kc3 Rh3+ 64. Kd4 Ka4 65. Ke5 Re3+ 66.
Kf6 Rf3+ 67. Kg5 Rh3 68. Kg4 Rh1 69. Kg5 Rg1+ 70. Kf6 Rf1+ 71. Kg6 Rg1+ 72. Kf7 Rf1+ 73. Kg8 Rh1 74. h8=Q Rxh8+ 75. Kxh8 1-0

[Event "*** Titled Tuesday Blitz"]
[Site "Chess.com"]
[Date "2021.04.20"]
[Round "6"]
[White "Kildepiotr"]
[Black "VD_coach"]
[Result "1/2-1/2"]
[WhiteElo "2645"]
[BlackElo "2502"]
[TimeControl "180+1"]
[EndTime "11:07:27 PDT"]
[Termination "Game drawn by stalemate"]

1. Nf3 Nf6 2. g3 g6 3. Bg2 Bg7 4. O-O O-O 5. d4 d5 6. c4 c6 7. Nc3 dxc4 8. a4 Bf5 9. a5 Ne4 10. Qa4 Nxc3 11. bxc3 Nd7 12. Qxc4 Be4 13. Ba3 Bd5 14.
Qb4 Re8 15. Qxb7 e5 16. Rfd1 e4 17. Ne1 Nf6 18. Nc2 e3 19. Nxe3 Rxe3 20. fxe3 Bxg2 21. Kxg2 Qd5+ 22. Kg1 Re8 23. Rd3 Ng4 24. Rf1 f5 25. Rf3 Bh6 26. c4 Qxc4 27. Qb3 Qxb3 28. Rxb3 Bxe3+ 29. Rfxe3 Rxe3 30. Rxe3 Nxe3 31. a6 Nd5 32. Bc5 Nc7 33.
Bxa7 Nxa6 34. Kf2 Kf7 35. Kf3 Ke6 36. Kf4 Nb4 37. Kg5 Kf7 38. g4 fxg4 39. Kxg4 Nc2 40. e4 Ne1 41. Kf4 Nd3+ 42. Ke3 Nb2 43. Bc5 Nc4+ 44.
Kd3 Nb2+ 45. Kc2 Nc4 46. Kd3 Nb2+ 47. Kc3 Nd1+ 48. Kb4 Nf2 49. d5 Nxe4 50. dxc6 Nf6 51. Kb5 Nd5 52. Ka6 Ke6 53. Kb7 g5 54. c7 Nxc7 55. Kxc7 Kf5 56. Kd6 h5 57. Kd5 Kg4 58. Ke4 Kh3 59. Bd6 g4 60. Ke3 h4 61. Kf2 g3+ 62. Bxg3 hxg3+ 63. hxg3 Kg4 64. Kg2 Kg5 65.
Kf3 Kf5 66. g4+ Kg5 67. Kg3 Kg6 68. Kf4 Kf6 69. g5+ Kg6 70. Kg4 Kg7 71. Kh5 Kh7 72.
Kh4 Kg7 73. Kg3 Kg6 74. Kf4 Kg7 75. Kf5 Kf7 76. g6+ Kg7 77. Kg5 Kg8 78. Kg4 Kg7 79.
Kh5 Kg8 80. Kh6 Kh8 81. Kg5 Kg7 82. Kf5 Kg8 83. Kf6 Kf8 84. g7+ Kg8 85. Kg6 1/2-1/2

[Event "*** Titled Tuesday Blitz"]
[Site "Chess.com"]
[Date "2021.04.20"]
[Round "6"]
[White "Rsnr"]
[Black "albi1999"]
[Result "1-0"]
[WhiteElo "2784"]
[BlackElo "2611"]
[TimeControl "180+1"]
[EndTime "11:07:28 PDT"]
[Termination "Rsnr won by resignation"]

1. d4 Nf6 2. c4 e6 3. Nf3 d5 4. e3 b6 5. b3 Bd6 6. Bb2 O-O 7. Bd3 Bb7 8. O-O Nbd7 9. Nc3 a6 10.
Qe2 Ne4 11. Nd2 f5 12. f4 Ndf6 13. Nf3 c5 14. Rad1 Qe7 15. Na4 Qc7 16. dxc5 bxc5 17. cxd5 exd5 18. Rc1 Rfe8 19. Ne5 Qe7 20. Rfd1 Kh8 21.
Nb6 Rad8 22. Bxa6 Bxa6 23. Qxa6 Ng4 24. Nxd5 Qh4 25. Nxg4 fxg4 26. Rc2 g3 27. h3 Qh5 28. Qe2 Qf7 29. Nb6 Nf2 30. Re1 Bxf4 31. Nc4 Bh6 32.
Qf3 Qxf3 33. gxf3 Nxh3+ 34. Kg2 Nf4+ 35. Kxg3 Nd3 36. Ree2 Re6 37. f4 Rf8 38. Ne5 Nxb2 39. Rxb2 g5 40. Rf2 gxf4+ 41. exf4 Bg7 42. Rbe2 Kg8 43.
Ng4 Rg6 44. Kh3 Bd4 45. Rf3 h5 46. Ne5 Rgf6 47. Rg3+ Kh7 48. Rg5 Rxf4 49. Rxh5+ Kg7 50. Rg2+ Kf6 51. Nd7+ Ke7 52. Nxf8 Rxf8 53. Rh7+ Kd6 54. Rg6+ Ke5 55. Re7+ Kf5 56. Rh6 Rg8 57. Rh5+ Kf4 58. Rf7+ Ke3 59. Rhh7 Rg1 60. Rb7 Kf3 61. Kh4 Be3 62. Kh5 Bf4 63. Rhf7 Rg5+ 64. Kh6 Rg2+ 65. Kh7 Rxa2 66. Rf6 Rh2+ 67. Kg8 Rh4 68. Rbf7 Ke4 69. Re6+ Be5 70. Rfe7 Rh5 71. Kf8 Kd5 72. Ke8 Rh8+ 73. Kf7 Rh5 74. Re8 Rf5+ 75. Kg6 Rf2 76. Rxe5+ Kd4 77. Re4+ Kd3 78. Rc4 Rg2+ 79. Kf7 1-0

[Event "*** Titled Tuesday Blitz"]
[Site "Chess.com"]
[Date "2021.04.20"]
[Round "6"]
[White "SanchezKelvin"]
[Black "Manukyan_Artak"]
[Result "0-1"]
[WhiteElo "124"]
[BlackElo "2415"]
[TimeControl "180+1"]
[EndTime "11:07:34 PDT"]
[Termination "Manukyan_Artak won by resignation"]

1. d4 Nf6 2. c4 g6 3. Nf3 Bg7 4.
Nc3 d6 5. e4 O-O 6. Be2 e5 7.
O-O exd4 8. Nxd4 Re8 9. f3 Nc6 10. Be3 Nh5 11. Nxc6 bxc6 12. Qd2 c5 13. Rae1 f5 14.
Bd3 Rb8 15. b3 f4 16. Bf2 Be6 17. Ne2 g5 18. g4 fxg3 19. Nxg3 Nf4 20. Be3 Be5 21.
Kh1 Kh8 22. Rg1 Rg8 23. Ne2 Qf6 24. Nxf4 gxf4 25. Bf2 Bc3 26. e5 Bxd2 27. exf6 Bxe1 28. Rxe1 Rbe8 29. Be4 Bf7 30. Re2 Rg5 31. h4 Rge5 32. Rd2 R5e6 33. Kh2 Rxf6 34. Be1 Kg8 35. Rg2+ Kf8 36. Bc3 Re5 37. Bxe5 dxe5 38. Rg5 Bg6 39. Rxe5 Bxe4 40. Rxe4 Rf5 41. Kh3 h5 42. Re6 Kf7 43.
Rc6 Re5 44. Rxc7+ Ke6 45. Rh7 Re3 46. Rxh5 Rxf3+ 47. Kg4 Rf2 48. Rh6+ Ke5 49. Rh5+ Ke4 50. Rxc5 Rg2+ 51. Kh3 Rxa2 52. Rc7 Ra3 53. h5 Rxb3+ 54. Kg4 Rg3+ 55. Kh4 Rg8 56. h6 f3 57. h7 Rg1 58.
Kh3 Rh1+ 59. Kg3 Rg1+ 60. Kf2 Rg2+ 61. Kf1 Rh2 62. Re7+ Kd3 63. Rf7 Ke3 64. Re7+ Kd4 65. Rf7 Kxc4 66. Rxf3 Rxh7 67. Ra3 Kb4 68. Ra6 Re7 69.
Ra2 a5 70. Kf2 a4 71. Rb2+ Ka3 72. Rb8 Ka2 73. Ra8 a3 74. Rb8 Ka1 75. Rb7 a2 76.
Rb6 Re4 77. Kf3 Re5 78. Kf2 Rc5 79. Ke2 Rc2+ 80. Kd1 Rb2 81. Rc6 Rb1+ 82. Rc1 Kb2 83. Rxb1+ axb1=Q+ 0-1

[Event "*** Titled Tuesday Blitz"]
[Site "Chess.com"]
[Date "2021.04.20"]
[Round "6"]
[White "rasmussvane"]
[Black "grzechu96"]
[Result "1-0"]
[WhiteElo "2875"]
[BlackElo "2679"]
[TimeControl "180+1"]
[EndTime "11:07:43 PDT"]
[Termination "rasmussvane won by resignation"]

1. Nf3 d5 2. g3 Nf6 3. Bg2 c5 4.
O-O e6 5. c4 d4 6. e3 Nc6 7.
exd4 cxd4 8. d3 Bd6 9. Bg5 h6 10.
Bxf6 Qxf6 11. a3 a5 12. Nfd2 Qe7 13. Re1 O-O 14. Ne4 Bc7 15. c5 f5 16. Nd6 Bxd6 17. cxd6 Qxd6 18. Nd2 Bd7 19. Nc4 Qc7 20. Rc1 a4 21. Qd2 Rfe8 22. f4 Ra6 23. h3 Qb8 24. Kh2 b5 25. Ne5 Nxe5 26. Rxe5 Qd6 27. Rec5 Kh7 28.
Qe2 Rb6 29. Qe1 b4 30. axb4 Reb8 31. R5c4 Rxb4 32. Rxb4 Rxb4 33. Rc2 Rb3 34. Bf1 Bb5 35. Rd2 Bc6 36. Bg2 Bb5 37. Bf1 Qd5 38. Bg2 Qd7 39.
Bf1 Qd6 40. Qf2 Qb4 41. h4 Kg8 42. h5 Kf7 43. Kh3 Ba6 44. Qe2 Qa5 45. Qf2 Qb4 46. Qe2 Qc5 47. Qf2 Qc1 48. Rc2 Qe3 49. Qg2 Bb7 50.
Rc7+ Kf6 51. Rxb7 Rxb7 52. Qxb7 Qc1 53. Qg2 Qd1 54. Qe2 Qc1 55. Kg2 Kf7 56. Qf2 Qb1 57.
Qxd4 Qa1 58. Qa7+ Kf6 59. Qf2 Kf7 60. Qd2 Qa2 61. Qe2 a3 62. bxa3 Qxa3 63. Qf2 Qb4 64. Be2 Qc3 65. Qe3 Qc2 66. Kf2 Qc6 67. Bf3 Qc2+ 68.
Qe2 Qc5+ 69. Kg2 Qd4 70. Qc2 Qb6 71. Qd2 Qd4 72. Be2 Qd5+ 73. Kh2 Qd4 74. Bf3 Kf8 75. Kh1 Kf7 76. Kg2 Kf8 77. Qe2 Kf7 78. Qc2 Qe3 79.
Qc3 Qb6 80. d4 Qd6 81. Qd2 Qb4 82. Qxb4 1-0

[Event "*** Titled Tuesday Blitz"]
[Site "Chess.com"]
[Date "2021.04.20"]
[Round "6"]
[White "FeketeBarika"]
[Black "vova-79"]
[Result "0-1"]
[WhiteElo "2254"]
[BlackElo "2542"]
[TimeControl "180+1"]
[EndTime "11:07:46 PDT"]
[Termination "vova-79 won by resignation"]

1. Nf3 d5 2. g3 c6 3. Bg2 Bg4 4. O-O Nd7 5. c4 e6 6. cxd5 exd5 7. Qb3 Qb6 8. Qc3 Ngf6 9. h3 Bh5 10. d4 Be7 11. Nh4 O-O 12. Nf5 Bb4 13. Qc2 Rfe8 14. e3 Bg6 15. g4 Ne4 16. Nc3 Nd6 17. Ne2 Ne4 18. a3 Bf8 19. Neg3 Ndf6 20. Bxe4 Nxe4 21.
Nxe4 Rxe4 22. Qc3 Bxf5 23. gxf5 Qd8 24. f3 Rh4 25. Kh2 Bd6+ 26. f4 Qf6 27. Qe1 Rh5 28. Qg3 Qxf5 29. Rg1 g6 30. Bd2 Re8 31. Rac1 Qd3 32.
Rg2 Be7 33. Qf3 Qf5 34. b4 a6 35. a4 Kf8 36. Be1 Qe6 37. a5 Bd6 38. Bd2 Ke7 39. Rcg1 Kd7 40. Rg5 Rxg5 41. Rxg5 Qe4 42. Qf2 Qc2 43.
Kg2 Qb2 44. f5 f6 45. Rg3 g5 46. Rf3 Bxb4 47. Bxb4 Qxb4 48. Qg3 Qxa5 49. Qg4 Qd2+ 50. Kg3 Rxe3 51. Qh5 Rxf3+ 52. Qxf3 Qxd4 53. Qh5 Qd3+ 54. Kg2 Qxf5 55. Qf7+ Kd6 56. Qf8+ Ke5 57. Qe7+ Qe6 58. Qxb7 h5 59. Qxa6 Kf5 60. Qd3+ Ke5 61. Qe3+ Kd6 62.
Qg3+ Qe5 63. Qa3+ Ke6 64. Qf8 Qe4+ 65. Kf2 Ke5 66. Qe7+ Kf5 67. Qd7+ Qe6 68. Qd8 c5 69.
Qa5 c4 70. Qc3 Qe4 71. Qb4 Qf4+ 72. Kg2 Qe4+ 73. Kf2 Qd3 74. Kg2 c3 75. Qc5 c2 76.
Qc8+ Kg6 77. Qe8+ Kf5 78. Qd7+ Ke5 79. Qe7+ Kd4 80. Qb4+ Ke3 81. Qc5+ d4 82. Qe7+ Kd2 83. Qb4+ Qc3 0-1

[Event "*** Titled Tuesday Blitz"]
[Site "Chess.com"]
[Date "2021.04.20"]
[Round "6"]
[White "Kostukov_Alex"]
[Black "Zmof"]
[Result "0-1"]
[WhiteElo "2334"]
[BlackElo "2237"]
[TimeControl "180+1"]
[EndTime "11:07:50 PDT"]
[Termination "Zmof won on time"]

1. g3 f5 2. c4 Nf6 3. Bg2 d6 4.
d4 g6 5. Nc3 Bg7 6. Nf3 O-O 7.
O-O Qe8 8. d5 Na6 9. Nd4 Bd7 10.
Ne6 Bxe6 11. dxe6 c6 12. e4 fxe4 13. Nxe4 Nxe4 14. Bxe4 Nc5 15. Bg2 Nxe6 16. Re1 Qf7 17. Be3 Nc5 18. Rb1 a5 19. Qe2 a4 20. Bh3 Kh8 21. b4 axb3 22. axb3 Ra3 23. b4 Na4 24. Qc2 Nc3 25. Rb3 Rxb3 26. Qxb3 b5 27. Bf1 bxc4 28. Bxc4 d5 29. Bf1 d4 30. Qxf7 Rxf7 31. Bg5 Bf6 32. Bc4 Nd5 33. Bh6 Bg7 34. Bg5 e5 35. b5 Rc7 36.
bxc6 Nb4 37. Rb1 h6 38. Bd8 Rxc6 39. Rxb4 e4 40. Bd5 Rc1+ 41. Kg2 d3 42. Bxe4 d2 43. Bf3 d1=Q 44. Bxd1 Rxd1 45. Bb6 Kh7 46. Be3 h5 47. Rb7 Kg8 48. h3 Rd6 49. g4 hxg4 50. hxg4 Rc6 51.
Kg3 Re6 52. Kf4 Rc6 53. Rb8+ Kf7 54. Rb7+ Kg8 55. Rd7 Re6 56. Kg5 Rc6 57. f4 Ra6 58. f5 gxf5 59. gxf5 Bh6+ 60. Kh5 Bxe3 61. Kg4 Kf8 62.
Kf3 Bh6 63. Rh7 Bg7 64. Rh1 Ra3+ 65. Ke4 Ra4+ 66. Kd5 Kf7 67. Rg1 Rf4 68. Kc6 Rxf5 69. Rh1 Bf6 70. Kd7 Rd5+ 71. Kc6 Rd4 72. Kc5 Ke6 73.
Re1+ Be5 74. Rh1 Rd5+ 75. Kc4 Rd7 76. Rh6+ Bf6 77. Rh5 Rc7+ 78. Kb5 Be5 79. Rh6+ Kd5 80. Rh5 Rb7+ 81. Ka6 Rb1 82. Rh3 Bd4 83. Rh5+ Kc4 84. Rh4 Rb6+ 0-1

[Event "*** Titled Tuesday Blitz"]
[Site "Chess.com"]
[Date "2021.04.20"]
[Round "6"]
[White "QuintilianoR"]
[Black "SHIVACalypso"]
[Result "0-1"]
[WhiteElo "2671"]
[BlackElo "2471"]
[TimeControl "180+1"]
[EndTime "11:07:52 PDT"]
[Termination "SHIVACalypso won by resignation"]

1. Nf3 Nf6 2. c4 e6 3. e3 d5 4. b3 Be7 5. Bb2 O-O 6. Nc3 c5 7. cxd5 Nxd5 8. Qc2 Bf6 9. Be2 b6 10. O-O Bb7 11. Rfd1 Nd7 12. Rac1 Nxc3 13. dxc3 Qc7 14. Nd2 Ne5 15. Ne4 Be7 16. c4 Rad8 17. a3 a6 18. h3 f5 19. Rxd8 Rxd8 20. Nd2 Bf6 21.
Bxe5 Qxe5 22. Bf3 Bxf3 23. Nxf3 Qb2 24. Qxb2 Bxb2 25. Rc2 Bf6 26. Rd2 Rxd2 27. Nxd2 Kf7 28. Kf1 Ke7 29. Ke2 Kd6 30. Kd3 Bb2 31. a4 h6 32. f4 Bf6 33. g4 g6 34. Nf3 Bg7 35.
e4 Ke7 36. e5 Kf7 37. g5 h5 38. Kc3 Bf8 39. a5 bxa5 40. Kb2 Be7 41. Ka3 Bd8 42. Ka4 Bc7 43. Nd2 Ke7 44. Nf1 Kd7 45. Ne3 Ke7 46. Ng2 Kf7 47. Nh4 Bd8 48. Nf3 Bc7 49.
Ne1 Bd8 50. Nd3 Bb6 51. Ka3 Ke7 52. Nb2 Kf7 53. Na4 Ba7 54. Kb2 Ke7 55. Ka3 Kf7 56. Nc3 Ke7 57. Ka4 Bb6 58. Ne2 Bc7 59. Nc1 Bb6 60.
Nd3 Kf7 61. Ne1 Ke7 62. Nf3 Kf7 63. Nh4 Bc7 64. Ng2 Bb6 65. Ne1 Bc7 66. Nc2 Bb6 67. Na3 Bc7 68. Nb1 Bb6 69. Nc3 Bc7 70. Ka3 Ke7 71.
Na4 Kd7 72. Nxc5+ Kc6 73. Na4 Kd7 74. Kb2 Bb8 75. Kc3 Ba7 76. c5 Kc6 77. Kc4 Bb8 78.
Nb2 Ba7 79. Nd3 Bb8 80. Nb2 Ba7 81. Na4 Bb8 82. b4 axb4 83. Kxb4 Ba7 84. Kc4 a5 85. Kd4 Bb8 86. Nb2 Ba7 87. Na4 Kb5 88. Nc3+ Kb4 89. Nd5+ exd5 90. Kxd5 Bxc5 0-1

[Event "*** Titled Tuesday Blitz"]
[Site "Chess.com"]
[Date "2021.04.20"]
[Round "6"]
[White "KuzubovYuriy"]
[Black "wonderfultime"]
[Result "1/2-1/2"]
[WhiteElo "2864"]
[BlackElo "2967"]
[TimeControl "180+1"]
[EndTime "11:08:31 PDT"]
[Termination "Game drawn by repetition"]

1. d4 d5 2. c4 c6 3. Nf3 Nf6 4.
Nc3 a6 5. Qc2 dxc4 6. a4 Bg4 7. e3 e6 8. Bxc4 Nbd7 9. Be2 Bd6 10. h3 Bh5 11. O-O O-O 12. Rd1 Qe7 13. e4 Bxf3 14.
Bxf3 e5 15. d5 Rac8 16. dxc6 Rxc6 17. Bg5 h6 18. Bh4 Bb4 19. Bg4 g5 20. Bxd7 Nxd7 21.
Bg3 Bxc3 22. bxc3 Rfc8 23. Rd5 Nc5 24. Rxe5 Ne6 25. Qb3 Rxc3 26. Qd1 Qf6 27. Rd5 Qg6 28. f3 Nf4 29. Rd8+ Rxd8 30. Qxd8+ Kh7 31. Bxf4 gxf4 32. Kh1 Rc2 33. Rg1 b5 34. axb5 axb5 35. Qe7 Rc6 36.
Qb4 Qg5 37. Qd2 Rg6 38. Rb1 Qe5 39.
Rc1 Rd6 40. Qb4 Rg6 41. Qb3 Qg7 42. Rc2 Qa1+ 43. Kh2 Qe5 44. Qxf7+ Rg7 45. Qb3 Qg5 46. Kh1 Qg3 47. Re2 Qg5 48. Rb2 Qg3 49. Qc3 Rd7 50.
Rb1 Rg7 51. Rg1 Qg5 52. Qd4 Re7 53. Qb6 Rg7 54. Qb8 Re7 55. Rd1 Rg7 56. Rd2 Qg3 57. Re2 Qg5 58. Qd6 Ra7 59. Re1 Rg7 60. Rg1 Re7 61.
Qb8 Rg7 62. e5 Re7 63. Qxb5 Qxe5 64. Qd3+ Kg7 65. Rd1 Qf6 66. Qd5 Rf7 67. Qh5 Re7 68. Kh2 Qg5 69. Qg4 Rf7 70. Rd5 Qxg4 71. hxg4 Kg6 72.
Kh3 Rf8 73. Kh4 Rf6 74. Rc5 Rd6 75. Rf5 Rd2 76. Kh3 Rd4 77. Re5 Rd6 78. Re4 Rf6 79. Rb4 Rf8 80. Kh4 Rf6 81. Ra4 Rf7 82. Ra6+ Kg7 83. Kh5 Rd7 84. Rg6+ Kf7 85. Rxh6 Rd2 86. Kg5 Rxg2 87. Kxf4 Ra2 88. Rb6 Ra3 89. g5 Ra5 90. Kg4 Ra1 91. f4 Rg1+ 92. Kf5 Ra1 93. Rb7+ Kf8 94. g6 Ra6 95. Kg5 Ra5+ 96. f5 Rc5 97. Ra7 Rb5 98. Kg4 Rb4+ 99. Kg5 Rb5 100. Kf4 Rb4+ 101. Kf3 Rb3+ 102. Ke4 Rb4+ 103. Kd5 Rb5+ 104. Ke6 Rb6+ 105.
Ke5 Rb5+ 106. Kf6 Rb6+ 107. Kg5 Rb5 1/2-1/2

[Event "*** Titled Tuesday Blitz"]
[Site "Chess.com"]
[Date "2021.04.20"]
[Round "6"]
[White "MarcoRiehle"]
[Black "Zhigalko_Sergei"]
[Result "0-1"]
[WhiteElo "2705"]
[BlackElo "2919"]
[TimeControl "180+1"]
[EndTime "11:08:35 PDT"]
[Termination "Zhigalko_Sergei won on time"]

1. e4 c5 2. a3 Nf6 3. e5 Nd5 4. c4 Nc7 5. b4 b6 6. Bb2 Bb7 7.
Nf3 Ne6 8. Be2 g6 9. Nc3 Bg7 10. Nd5 Nc6 11. O-O d6 12. bxc5 dxc5 13. Re1 O-O 14. Bf1 Qd7 15. g3 Rfd8 16. Bg2 Rac8 17. d3 Na5 18. Nd2 Nc6 19. Nf3 Qe8 20. Bc3 Nc7 21.
Ng5 h6 22. Nh3 Nxd5 23. cxd5 Nd4 24. Bxd4 cxd4 25. e6 Bxd5 26. Bxd5 Rxd5 27. Nf4 Rdc5 28. Qg4 f5 29. Qxg6 Qxg6 30. Nxg6 Bf6 31. Nf4 Rc2 32.
h4 R8c5 33. Kg2 Kg7 34. Nh5+ Kg6 35. Nf4+ Kh7 36. a4 Be5 37. Ne2 Kg6 38. Kf3 Kf6 39.
a5 bxa5 40. Rab1 Rd2 41. Rb7 Rcc2 42. Rxa7 Rxd3+ 43. Kg2 Rdd2 44. Kf3 d3 45. Nf4 Rxf2+ 46. Ke3 Bxf4+ 47. gxf4 Rfe2+ 48. Rxe2 dxe2 49. Kf2 Ra2 50. Ra6 h5 51. Ke1 a4 52. Kf2 a3 53.
Ke1 Kg7 54. Kf2 Kg6 55. Ke1 Kf6 56. Kf2 e1=Q+ 57. Kxe1 Rh2 58. Rxa3 Rxh4 59. Ra4 Kxe6 60. Kf2 Rg4 61. Kf3 Kf6 62. Ra6+ e6 63. Ra8 Kg7 64.
Ra7+ Kf6 65. Ra8 h4 66. Rh8 Ke7 67. Rh6 Kd6 68. Rh8 Kc6 69. Rd8 Rg3+ 70. Kf2 Ra3 71. Rd1 Kc5 72. Kg2 Rb3 73. Rd2 Rg3+ 74. Kh2 Rc3 75.
Rd1 Re3 76. Rd2 Re4 77. Kh3 Rxf4 78. Re2 Re4 79. Rd2 Re5 80. Kxh4 Re4+ 81. Kg3 Kc4 82. Rd1 Rd4 83. Rc1+ Kd5 84. Kf3 Rd3+ 85. Ke2 Rh3 86.
Rd1+ Ke5 87. Rd8 f4 88. Kf2 Ke4 89. Kg2 Rg3+ 90. Kf2 e5 91. Rd1 Ra3 92. Re1+ Kf5 93. Rh1 e4 94. Rh5+ Kg4 95. Rh8 Ra2+ 96. Kf1 e3 97.
Rg8+ Kf3 98. Kg1 Ra1+ 99. Kh2 e2 100. Rg2 Rf1 101. Kh3 Ke3 0-1

[Event "*** Titled Tuesday Blitz"]
[Site "Chess.com"]
[Date "2021.04.20"]
[Round "6"]
[White "Ajedrez_con_German"]
[Black "scarabee43"]
[Result "1-0"]
[WhiteElo "2509"]
[BlackElo "2633"]
[TimeControl "180+1"]
[EndTime "11:09:09 PDT"]
[Termination "Ajedrez_con_German won by checkmate"]

1. Nf3 Nf6 2. e3 e6 3. c4 d5 4. b3 Be7 5. Bb2 O-O 6. Nc3 b6 7. cxd5 exd5 8. d4 Ba6 9. Bxa6 Nxa6 10. O-O c6 11. Ne5 Nb8 12. Rc1 Qd6 13. Ne2 Rc8 14. Ng3 Bf8 15. Nf5 Qe6 16. Qf3 Nbd7 17. Nxd7 Nxd7 18. Rc2 Rc7 19. Rfc1 Rac8 20. Ng3 Nf6 21. Qf5 Qxf5 22. Nxf5 g6 23. Ng3 Bd6 24. Ne2 Kf8 25. Nc3 Ke7 26. Kf1 Kd7 27. h3 Re8 28. Ke2 Rcc8 29.
Kd3 Bf8 30. Nb1 Ne4 31. f3 Nd6 32. Re2 Bh6 33. Rce1 Re6 34. e4 f6 35. exd5 Rxe2 36. dxc6+ Rxc6 37. Rxe2 Rc8 38. Nc3 Re8 39. Ne4 Nxe4 40. fxe4 f5 41. exf5 Rxe2 42. Kxe2 gxf5 43. Kd3 b5 44. a4 a6 45. axb5 axb5 46. Bc3 Kc6 47. Bd2 Bg7 48. Be3 Kd5 49. Bf2 f4 50.
Bg1 Bf6 51. Bf2 Bg7 52. Bg1 Bf6 53. Bh2 f3 54. gxf3 Bxd4 55. Bf4 Bf6 56. Bd2 Be7 57.
Bc3 Bg5 58. Bd2 Bf6 59. f4 Bh4 60. Bc3 Be7 61. Bd4 Bd6 62. f5 Bf8 63. f6 Bd6 64. Bc3 Bf8 65. Ke3 Ke6 66. Ke4 Bc5 67. f7 Kxf7 68. Kd5 Bf8 69. Kc6 b4 70. Bd2 Ke6 71. Kb5 Kd5 72. Bxb4 Bh6 73. Be7 Bd2 74. b4 Ke6 75. Bc5 Kd7 76. Kc4 Kc6 77. b5+ Kb7 78. Kd5 Bc1 79. Ke6 Bd2 80. Kf7 Kc7 81. Kg7 h5 82.
Kg6 h4 83. Kh5 Be1 84. Kg4 Bg3 85. Bd4 Be1 86. Be3 Kb7 87. Kf3 Bg3 88. Bf2 Bd6 89.
Kg4 Be7 90. Bxh4 Bc5 91. Bd8 Kc8 92. Ba5 Kd7 93. h4 Ke7 94. h5 Kf7 95. b6 Bd4 96. b7 Be5 97. Bd2 Bb8 98. Bf4 Ba7 99. b8=Q Bxb8 100. Bxb8 Kg7 101. Be5+ Kh7 102. Kh4 Kh6 103. Kg4 Kh7 104.
Kg5 Kg8 105. Kg6 Kf8 106. h6 Ke7 107. h7 Ke6 108. h8=Q Kd5 109. Qf6 Ke4 110. Bh2 Kd3 111. Qe5 Kc4 112. Kf5 Kd3 113. Qe4+ Kc3 114. Qd5 Kb4 115. Ke4 Kc3 116. Qd4+ Kb3 117. Qc5 Kb2 118. Kd3 Kb3 119. Qc4+ Ka3 120. Qb5 Ka2 121. Kc2 Ka1 122. Qb2# 1-0

[Event "*** Titled Tuesday Blitz"]
[Site "Chess.com"]
[Date "2021.04.20"]
[Round "7"]
[White "InitiatingASC"]
[Black "Ze-Pequeno"]
[Result "1-0"]
[WhiteElo "2415"]
[BlackElo "2242"]
[TimeControl "180+1"]
[EndTime "11:12:14 PDT"]
[Termination "InitiatingASC won by resignation"]

1. Nf3 Nf6 2. e3 g6 3. d4 Bg7 4. c4 O-O 5. Nc3 d5 6. Be2 c5 7.
O-O cxd4 8. Nxd4 Nc6 9. Nxc6 bxc6 10. Bd2 Rb8 11. Na4 Ne4 12. Qc2 Nxd2 13. Qxd2 e6 14.
Rfd1 Qe7 15. Rac1 Rb4 16. b3 Ba6 17. cxd5 Bxe2 18. d6 1-0

[Event "*** Titled Tuesday Blitz"]
[Site "Chess.com"]
[Date "2021.04.20"]
[Round "7"]
[White "barbara25"]
[Black "dodorox"]
[Result "1-0"]
[WhiteElo "2317"]
[BlackElo "2121"]
[TimeControl "180+1"]
[EndTime "11:12:18 PDT"]
[Termination "barbara25 won by resignation"]

1. e4 d6 2. d4 e5 3. Nc3 Be7 4. Nf3 Nd7 5. Be3 Ngf6 6. h3 c6 7. Qd2 O-O 8. O-O-O b5 9. Bd3 a5 10. g4 a4 11. Ne2 Qa5 12. Qxa5 Rxa5 13. Ng3 Re8 14. g5 Nxe4 15. Bxe4 d5 16. Bf5 e4 17. Bxd7 Bxd7 18. Nd2 1-0

[Event "*** Titled Tuesday Blitz"]
[Site "Chess.com"]
[Date "2021.04.20"]
[Round "7"]
[White "MVM2008"]
[Black "beautroll"]
[Result "0-1"]
[WhiteElo "2170"]
[BlackElo "2465"]
[TimeControl "180+1"]
[EndTime "11:12:25 PDT"]
[Termination "beautroll won by resignation"]

1. e4 c5 2. Nf3 d6 3. d4 cxd4 4. Nxd4 Nf6 5. Nc3 a6 6. Bc4 e6 7. Bb3 b5 8. a3 Be7 9. O-O O-O 10.
f4 Bb7 11. Qe2 Nbd7 12. Nxe6 fxe6 13. Bxe6+ Kh8 14. e5 dxe5 15. fxe5 Qb6+ 16. Be3 Qxe6 17. exf6 Bxf6 18. Kh1 Rae8 19. Rae1 Bh4 20. Rxf8+ Nxf8 21. Bf2 Qxe2 0-1

[Event "*** Titled Tuesday Blitz"]
[Site "Chess.com"]
[Date "2021.04.20"]
[Round "7"]
[White "Roedor"]
[Black "Omk124"]
[Result "1-0"]
[WhiteElo "2287"]
[BlackElo "2520"]
[TimeControl "180+1"]
[EndTime "11:12:54 PDT"]
[Termination "Roedor won on time"]

1. d4 Nf6 2. c4 e6 3. g3 d5 4. Bg2 Be7 5. Nf3 O-O 6. O-O dxc4 7. Qc2 a6 8. a4 Nbd7 9. Qxc4 b5 10. Qc2 Bb7 11. Bg5 1-0